AoeStats
← TheLaaNd4432

Black Forest

505322130Analyzed
4v4 RM · 24d ago on Sep 8, 2026· 56m 50s· 8 players
Game mode
Random Map
Map size
Large (8 player)
Population
200
Speed
Normal
Resources
Standard
Victory
Conquest
Starting age
Dark Age
Ending age
Imperial Age
RankedLock teamsTeams togetherTeam positionsShared explorationLock speedFull tech treeHidden civsTurbo modeCheats
Victory
Defeat
🇹🇷 Franks · Türkiye
890
+29
🇹🇷 Wu · Türkiye
808
+12
🇹🇷 Khmer · Türkiye
787
+13
🇹🇷 Byzantines · Türkiye
746
+14
🇵🇹 Hindustanis · Portugal
777
-14
🇺🇸 Portuguese · United States
728
-12
🇺🇸 Japanese · United States
713
-12
🇨🇴 Khmer · Colombia
653
-10
SirRichard10
0:37 Loom
11:15 Feudal Age
13:34 Double-Bit Axe
15:17 Horse Collar
16:38 Gold Mining
16:39 Stone Mining
16:51 Fishing Lines
18:17 Wheelbarrow
25:10 Castle Age
23:16 Fletching
23:26 Padded Archer Armor
23:37 Forging
24:16 Town Watch
27:11 Gold Shaft Mining
26:53 Bow Saw
28:05 Caravan
28:36 Coinage
29:09 Heavy Plow
33:14 Imperial Age
31:27 Gillnets
32:34 Ballistics
32:12 Bodkin Arrow
32:34 Leather Archer Armor
32:54 Hand Cart
33:18 Thumb Ring
34:13 Shatagni
36:16 Chemistry
35:48 Bracer
36:35 Town Patrol
40:17 Banking
40:46 Fortified Wall
41:16 Iron Casting
Burger King
0:39 Loom
16:55 Feudal Age
18:06 Double-Bit Axe
18:03 Horse Collar
18:06 Fishing Lines
21:16 Wheelbarrow
20:34 Stone Mining
23:54 Castle Age
22:41 Fletching
25:38 Hand Cart
26:01 Stone Shaft Mining
25:39 Bow Saw
25:31 Heavy Plow
29:04 Gold Mining
29:56 Gillnets
30:18 Town Watch
34:17 Imperial Age
33:59 Forging
33:50 Scale Mail Armor
33:48 Pikeman
34:14 Arson
35:07 Iron Casting
34:08 Pikeman
35:46 Crop Rotation
35:58 Chain Mail Armor
35:07 Halberdier
37:34 Plate Mail Armor
36:53 Gambesons
36:30 Man-at-Arms
38:55 Two-Man Saw
39:09 Blast Furnace
37:34 Long Swordsman
38:14 Bodkin Arrow
38:24 Treadmill Crane
39:17 Conscription
39:03 Town Patrol
39:33 Fortified Wall
40:30 Chemistry
40:37 Ballistics
40:21 Bracer
40:51 Careening
40:37 Murder Holes
42:12 Bombard Tower
Don M´s
22:28 Feudal Age
26:14 Horse Collar
26:56 Double-Bit Axe
29:27 Wheelbarrow
28:43 Loom
31:42 Stone Mining
31:44 Gold Mining
34:11 Castle Age
32:47 Gold Mining
33:27 Fletching
33:48 Forging
35:09 Hand Cart
35:55 Bow Saw
44:19 Gold Shaft Mining
44:02 Bodkin Arrow
44:42 Iron Casting
44:13 Scale Barding Armor
46:18 Bloodlines
46:09 Husbandry
46:33 Chain Barding Armor
46:44 Ballistics
46:21 Murder Holes
alexgolan
0:52 Loom
17:47 Feudal Age
19:47 Horse Collar
20:11 Stone Mining
20:14 Gold Mining
22:52 Wheelbarrow
24:06 Double-Bit Axe
30:37 Castle Age
30:08 Fletching
30:19 Scale Mail Armor
30:29 Forging
31:45 Bow Saw
31:39 Heavy Plow
34:27 Pikeman
35:10 Squires
36:47 Fortified Wall
36:29 Guard Tower
36:59 Ballistics
37:53 Bodkin Arrow
38:14 Chain Mail Armor
38:35 Iron Casting
42:29 Imperial Age
41:36 Yasama
43:45 Plate Mail Armor
44:18 Blast Furnace
43:19 Bracer
44:22 Chemistry
43:05 Treadmill Crane
43:05 Elite Samurai
44:09 Conscription
43:12 Halberdier
43:28 Crossbowman
43:31 Elite Skirmisher
44:21 Padded Archer Armor
44:51 Ballistics
44:50 Arbalester
47:07 Two-Man Saw
50:17 Hoardings
55:43 Keep
55:20 Masonry
emrepngall
12:34 Feudal Age
19:29 Gold Mining
19:32 Stone Mining
19:27 Horse Collar
19:35 Double-Bit Axe
25:14 Castle Age
26:45 Gold Shaft Mining
26:47 Stone Shaft Mining
30:08 Wheelbarrow
30:13 Scale Mail Armor
31:12 Hand Cart
31:47 Scale Barding Armor
31:53 Heavy Plow
32:27 Husbandry
37:00 Imperial Age
35:15 Fortified Wall
35:32 Chain Mail Armor
35:28 Forging
36:23 Bow Saw
36:37 Chain Barding Armor
37:58 Iron Casting
37:03 Cavalier
38:07 Conscription
38:21 Plate Mail Armor
40:42 Crop Rotation
41:15 Two-Man Saw
40:47 Paladin
43:13 Plate Barding Armor
TheLaaNd4432
12:35 Feudal Age
12:40 Loom
13:13 Double-Bit Axe
14:29 Wheelbarrow
19:20 Forging
19:26 Stone Mining
19:28 Gold Mining
21:42 Castle Age
22:45 Husbandry
22:53 Scale Barding Armor
24:40 Gold Shaft Mining
27:05 Bow Saw
27:35 Chain Barding Armor
27:50 Iron Casting
32:52 Hand Cart
38:05 Imperial Age
36:21 Caravan
38:21 Town Watch
38:17 Cavalier
40:13 Blast Furnace
39:48 Plate Barding Armor
40:30 Town Patrol
39:57 Paladin
42:17 Elite Throwing Axeman
43:33 Hoardings
44:04 Elite Throwing Axeman
52:11 Arrowslits
55:06 Scale Mail Armor
55:06 Padded Archer Armor
54:57 Fletching
55:22 Masonry
55:17 Siege Engineers
55:08 Murder Holes
55:23 Fortified Wall
55:23 Clinker Construction
55:24 Careening
55:04 Guard Tower
56:16 Chemistry
55:24 Siphons
birtanonline
0:34 Loom
13:33 Feudal Age
14:17 Double-Bit Axe
14:14 Horse Collar
14:29 Stone Mining
14:39 Gold Mining
14:36 Town Watch
15:37 Wheelbarrow
14:55 Town Watch
21:04 Castle Age
19:52 Padded Archer Armor
19:57 Fletching
22:00 Bow Saw
21:53 Heavy Plow
22:53 Stone Shaft Mining
22:57 Gold Shaft Mining
23:42 Caravan
25:00 Bodkin Arrow
27:37 Town Patrol
27:46 Town Patrol
29:02 Murder Holes
29:28 Leather Archer Armor
30:10 Masonry
29:43 Treadmill Crane
31:38 Hand Cart
34:33 Imperial Age
33:06 Masonry
33:28 Red Cliffs Tactics
34:53 Ballistics
36:48 Two-Man Saw
36:23 Architecture
36:25 Conscription
37:35 Chemistry
37:20 Sitting Tiger
38:08 Guilds
38:10 Bracer
39:49 Elite Fire Archer
55:22 Coinage
nisatros
13:33 Feudal Age
14:51 Wheelbarrow
14:12 Gold Mining
16:19 Stone Mining
19:50 Double-Bit Axe
19:50 Horse Collar
24:06 Castle Age
24:53 Heavy Plow
25:06 Bow Saw
25:07 Scale Barding Armor
25:48 Hand Cart
26:52 Chain Barding Armor
27:37 Stone Shaft Mining
27:40 Gold Shaft Mining
27:55 Caravan
29:12 Coinage
29:20 Tusk Swords
32:00 Elite Skirmisher
40:17 Imperial Age
38:04 Scale Mail Armor
38:18 Forging
38:00 Fletching
38:11 Padded Archer Armor
39:37 Loom
39:37 Town Watch
40:59 Ballistics
40:42 Murder Holes
41:02 Masonry
41:07 Fortified Wall
42:04 Chemistry
41:15 Fortified Wall
41:14 Siege Engineers
42:15 Conscription
43:20 Plate Barding Armor
44:17 Double Crossbow
45:19 Elite Ballista Elephant
46:53 Architecture
52:22 Hoardings
51:18 Sappers
52:25 Banking
53:02 Pikeman
53:39 Heated Shot
53:40 Guard Tower
54:12 Chain Mail Armor
54:13 Leather Archer Armor
53:53 Bodkin Arrow
54:34 Iron Casting
55:32 Siphons
56:04 Parthian Tactics
56:22 Ring Archer Armor
56:35 Iron Casting
Connection lost

Rejoining the realm…

Still unreachable

The connection could not be restored.

Session expired

The server has moved on; the page needs a fresh start.